Map: Sous-marin EC

Players

ZhuGeLiang - Winner!

  • Race: Zerg Zerg
  • League: Grandmaster
  • Spawn Location: 11:00

Arsenal

  • Race: Terran Terran
  • League: Master
  • Spawn Location: 5:00

VOD

Have the link to the VOD?

Description

Time

  • Played on: Sept. 2, 2020, 3:54 a.m.
  • Length: 24:24
Show
View Real Time Build Order
Export as new Build Order

ZhuGeLiang Zerg - Winner!

Build Orders: Hatch First, Muta Ling Bane, Zergling Baneling 

Get SALT Encoding   

  12  0:00  Drone  
  13  0:12  Overlord  
  13  0:18  Drone  
  14  0:31  Drone x2  
  16  0:49  Hatchery  
  15  0:51  Drone  
  15  0:55  Drone  
  17  0:59  Drone  
  18  1:09  Extractor  
  17  1:14  Spawning Pool  
  17  1:17  Drone  
  17  1:20  Drone  
  18  1:28  Drone  
  19  1:38  Drone  
  20  1:50  Overlord  
  20  2:01  Queen x2  
  20  2:02  Zergling x4  
  26  2:11  Drone x2  
  26  2:12  Metabolic Boost  
  28  2:21  Drone  
  29  2:24  Drone  
  29  2:28  Spore Crawler  
  29  2:33  Drone  
  30  2:40  Queen  
  30  2:41  Queen  
  30  2:42  Drone  
  36  2:49  Overlord  
  36  2:50  Overlord  
  36  3:07  Drone x4  
  36  3:11  Drone  
  41  3:13  Drone x5  
  41  3:17  Drone x2  
  48  3:23  Lair  
  48  3:34  Hatchery  
  48  3:38  Drone  
  48  3:40  Drone, Extractor  
  48  3:44  Drone x2  
  50  3:48  Drone  
  50  3:49  Drone  
  50  3:52  Baneling Nest  
  50  3:53  Drone, Extractor  
  50  3:54  Drone  
  51  4:18  Overlord  
  51  4:23  Spire  
  50  4:25  Zergling x2  
  51  4:32  Overlord  
  51  4:36  Queen  
  51  4:37  Zergling x2  
  51  4:38  Zergling x10  
  59  4:40  Baneling  
  59  4:41  Baneling x2  
  59  4:45  Baneling  
  59  4:46  Baneling  
  59  4:47  Zergling x2  
  59  4:48  Zergling x6  
  59  4:50  Queen  
  67  4:53  Zergling x10  
  67  4:56  Baneling x3  
  67  4:57  Baneling  
  67  5:12  Drone x6  
  66  5:19  Drone x2  
  64  5:23  Drone x3  
  64  5:25  Overlord  
  67  5:30  Overlord, Extractor  
  67  5:31  Drone  
  67  5:36  Mutalisk  
  67  5:39  Zerg Flyer Weapons Level 1  
  67  5:42  Mutalisk, Evolution Chamber  
  68  5:43  Mutalisk  
  68  5:46  Evolution Chamber  
  70  5:54  Drone x8  
  74  6:11  Overlord  
  74  6:12  Drone x3  
  74  6:13  Drone x2  
  74  6:14  Zerg Melee Weapons Level 1, Zerg Ground Armor Level 1, Extractor  
  74  6:15  Extractor  
  77  6:27  Centrifical Hooks  
  77  6:29  Drone x5  
  77  6:30  Drone  
  77  6:31  Drone  
  84  6:45  Overlord  
  85  6:47  Drone x3  
  85  6:49  Overlord  
  85  6:50  Hatchery, Mutalisk x3  
  92  6:57  Overlord  
  92  7:02  Pneumatized Carapace  
  92  7:03  Overlord  
  92  7:07  Zergling x14  
  99  7:16  Mutalisk x3  
  99  7:20  Drone  
  106  7:30  Overlord  
  106  7:31  Zergling x2  
  106  7:32  Zergling x18  
  106  7:33  Baneling  
  106  7:34  Baneling x10  
  106  7:35  Zergling x2  
  117  7:42  Zergling x4  
  119  7:44  Overseer  
  119  7:46  Overseer  
  119  7:55  Zergling x10  
  106  8:08  Zergling x12  
  106  8:10  Baneling x2  
  102  8:13  Zerg Ground Armor Level 2  
  102  8:14  Zerg Melee Weapons Level 2, Baneling  
  102  8:15  Zergling x6  
  102  8:16  Zergling x10  
  102  8:18  Baneling x7  
  102  8:19  Baneling  
  108  8:26  Zergling x6  
  111  8:34  Mutalisk x2  
  111  8:36  Overlord  
  111  8:37  Zergling x6  
  111  8:41  Mutalisk  
  118  8:45  Zergling x2  
  118  8:46  Zergling x10  
  116  8:58  Zergling x24  
  116  9:00  Baneling x15  
  123  9:08  Mutalisk  
  125  9:11  Drone x6  
  125  9:12  Drone  
  132  9:19  Baneling x8  
  132  9:22  Zergling x4  
  132  9:23  Zergling x4  
  136  9:27  Zergling x6  
  139  9:34  Zergling x12  
  139  9:36  Baneling x3  
  139  9:37  Baneling x5  
  145  9:42  Mutalisk  
  147  9:47  Mutalisk  
  147  9:49  Overlord  
  147  9:52  Zergling x6  
  152  9:55  Baneling  
  152  9:56  Overlord x2, Baneling x7  
  152  10:01  Overlord  
  152  10:06  Overlord  
  152  10:07  Infestation Pit  
  152  10:11  Zergling x18  
  152  10:12  Overlord  
  160  10:15  Overlord  
  160  10:21  Mutalisk x3  
  160  10:23  Zergling x10  
  171  10:32  Zergling x2  
  169  10:41  Drone x3  
  172  10:43  Extractor  
  172  10:49  Zerg Flyer Weapons Level 2, Hive  
  171  10:51  Zergling x22  
  171  10:52  Hatchery  
  181  10:59  Drone x4  
  181  11:03  Mutalisk x3  
  191  11:05  Zergling x8  
  191  11:31  Zergling x2  
  191  11:32  Zergling x28  
  181  11:41  Zergling x2  
  181  11:42  Zergling x16  
  188  11:47  Baneling x9  
  188  11:48  Baneling x16  
  188  11:51  Drone x3  
  191  12:02  Zergling x2  
  191  12:03  Zergling x6  
  191  12:06  Adrenal Glands  
  195  12:16  Zerg Ground Armor Level 3  
  195  12:20  Zergling x18  
  181  12:30  Queen  
  181  12:33  Drone x2  
  181  12:34  Drone x5  
  182  12:37  Zerg Melee Weapons Level 3  
  182  12:38  Zergling x20  
  187  12:50  Baneling x10  
  187  12:51  Baneling x8  
  187  12:52  Zergling x16  
  195  13:00  Overseer  
  195  13:01  Overseer  
  194  13:12  Zergling x24  
  148  13:37  Mutalisk x6, Drone  
  148  13:39  Zergling x10  
  164  13:53  Zergling x12  
  170  14:03  Zergling x10  
  170  14:06  Spore Crawler, Extractor  
  165  14:14  Zergling x16  
  146  14:17  Baneling x7  
  146  14:21  Baneling  
  146  14:22  Baneling x13  
  146  14:23  Zergling x6  
  145  14:32  Zergling x22  
  145  14:36  Zergling x4  
  156  14:38  Hatchery  
  156  14:43  Zergling x12  
  161  14:51  Zergling x6  
  164  14:53  Baneling x5  
  164  14:54  Baneling x15  
  164  14:55  Zergling x4  
  164  14:56  Zergling x2  
  161  15:10  Zergling x24  
  171  15:21  Mutalisk x5  
  176  15:37  Zergling x20  
  184  15:43  Zergling x12  
  184  15:45  Baneling x8  
  185  15:52  Zergling x8  
  141  16:05  Zergling x12  
  141  16:10  Mutalisk x3  
  147  16:15  Zerg Flyer Armor Level 1  
  147  16:17  Zergling x4  
  149  16:22  Zergling x6  
  152  16:31  Queen  
  154  16:37  Hatchery  
  154  16:39  Zergling x6  
  159  16:40  Zergling x10  
  159  16:43  Baneling x19  
  159  16:44  Overlord, Baneling x4  
  159  16:45  Zergling x2, Overlord  
  159  16:46  Zergling x10  
  167  16:47  Baneling  
  165  16:54  Zergling x14  
  172  17:16  Zergling x24  
  162  17:29  Zergling x14  
  165  17:35  Zergling x2  
  165  17:43  Mutalisk x5  
  175  17:52  Baneling x4  
  175  17:53  Baneling x4  
  175  17:54  Zergling x10  
  180  17:59  Extractor  
  169  18:28  Mutalisk  
  169  18:29  Mutalisk x9  
  169  18:33  Zergling x22  
  172  18:55  Zergling x30  
  149  19:03  Zergling x4  
  149  19:07  Zerg Flyer Weapons Level 3  
  151  19:11  Zergling x8  
  151  19:12  Baneling  
  151  19:13  Baneling x10  
  153  19:25  Overseer  
  153  19:28  Mutalisk  
  153  19:29  Hatchery, Mutalisk x6  
  153  19:30  Zergling x2  
  153  19:31  Zergling x4  
  169  19:33  Baneling x3  
  170  19:44  Zergling x18  
  170  19:45  Zergling x2  
  180  19:51  Zergling x14  
  178  20:10  Zergling x26  
  183  20:14  Zergling x4  
  184  20:23  Zergling x16  
  184  20:28  Queen  
  192  20:29  Overseer x2  
  190  20:37  Overlord  
  190  20:39  Mutalisk  
  190  20:40  Mutalisk x5  
  190  20:44  Hatchery  
  177  20:58  Zergling x2  
  177  20:59  Zergling x24  
  176  21:07  Baneling  
  176  21:08  Baneling x21  
  176  21:25  Mutalisk x4  
  156  21:48  Zergling x20  
  165  22:16  Zergling x2  
  165  22:17  Zergling x26  
  176  22:37  Mutalisk x5  
  176  22:41  Zergling x8  
  190  22:59  Zergling x20  
Show
View Real Time Build Order
Export as new Build Order

Arsenal Terran 

Build Orders: Hellion Opening, Reaper Expand 

Get SALT Encoding   

  12  0:00  SCV  
  13  0:12  SCV  
  14  0:17  Supply Depot  
  14  0:24  SCV  
  15  0:39  SCV  
  15  0:40  Barracks  
  16  0:45  Refinery  
  16  0:51  SCV  
  17  1:03  SCV  
  18  1:15  SCV  
  19  1:27  Reaper  
  19  1:28  Orbital Command  
  20  1:40  Command Center  
  20  1:51  Supply Depot  
  20  1:53  SCV  
  21  1:59  Marine  
  22  2:06  SCV  
  23  2:08  Factory  
  23  2:17  Refinery  
  23  2:18  SCV  
  23  2:22  Barracks Reactor  
  24  2:30  SCV  
  25  2:42  SCV  
  26  2:53  Orbital Command  
  26  2:54  SCV  
  26  2:56  Starport  
  27  3:06  SCV, Hellion x2, Marine  
  33  3:18  SCV x2, Supply Depot  
  35  3:25  Barracks Tech Lab  
  35  3:29  Hellion x2  
  35  3:30  SCV  
  35  3:33  SCV  
  44  3:42  SCV  
  44  3:47  SCV, Supply Depot  
  46  3:50  Armory  
  46  3:51  Medivac  
  46  3:54  Marine  
  46  3:55  Hellion x2  
  50  3:57  SCV  
  52  4:02  SCV  
  52  4:09  SCV  
  53  4:12  Marine  
  53  4:13  Supply Depot  
  53  4:15  SCV  
  55  4:18  Hellion x2  
  59  4:26  Liberator  
  62  4:34  SCV x2  
  64  4:39  Stimpack  
  64  4:44  Command Center  
  64  4:46  SCV  
  64  4:49  SCV, Factory Tech Lab  
  66  4:53  Barracks  
  66  4:57  Barracks  
  66  4:58  SCV  
  67  5:01  Engineering Bay  
  63  5:09  SCV  
  63  5:11  Starport Reactor  
  53  5:17  Siege Tank  
  53  5:18  SCV  
  53  5:20  Refinery x2  
  49  5:21  Engineering Bay  
  49  5:24  SCV  
  50  5:30  SCV  
  50  5:31  Missile Turret  
  50  5:34  Marine  
  52  5:36  SCV  
  52  5:40  Marine  
  52  5:41  Marine  
  52  5:42  SCV  
  56  5:48  SCV  
  57  5:53  Starport Reactor, Terran Infantry Weapons Level 1, Terran Infantry Armor Level 1  
  57  5:54  SCV  
  57  5:56  Missile Turret  
  58  5:57  Missile Turret  
  58  6:00  SCV  
  58  6:01  Marine x3  
  62  6:07  SCV, Orbital Command  
  60  6:13  SCV  
  60  6:14  Marine x2  
  60  6:16  Missile Turret  
  63  6:19  SCV  
  63  6:24  Combat Shield  
  63  6:25  Marine x3  
  65  6:30  Medivac x2  
  65  6:32  Marine x2  
  73  6:40  Siege Tank  
  73  6:42  SCV, Barracks x2  
  73  6:43  Marine x3  
  80  6:49  SCV, Marine  
  80  6:50  Marine  
  83  6:54  Supply Depot x2  
  83  6:58  Orbital Command  
  83  7:00  Medivac  
  85  7:15  SCV, Medivac, Marine x5  
  85  7:16  SCV, Missile Turret  
  85  7:20  Supply Depot  
  85  7:21  Supply Depot  
  94  7:28  Supply Depot  
  97  7:30  Barracks Reactor, Widow Mine  
  97  7:31  Barracks Reactor  
  97  7:32  SCV  
  97  7:33  Marine x4  
  101  7:42  SCV, Marine  
  103  7:47  SCV  
  103  7:48  Supply Depot  
  103  7:49  Supply Depot x2  
  103  7:50  Bunker  
  103  7:51  Marine x4  
  104  7:54  Supply Depot  
  104  7:55  SCV  
  104  7:57  Widow Mine  
  111  7:59  Marine  
  108  8:08  Marine x3  
  108  8:09  Marine x5  
  108  8:12  Medivac x2  
  115  8:13  SCV x2  
  115  8:15  Factory  
  115  8:17  SCV, Marine  
  119  8:25  SCV x2, Refinery  
  119  8:26  Marine  
  122  8:27  Marine  
  122  8:28  Marine x6  
  122  8:29  SCV  
  122  8:31  Drilling Claws  
  130  8:36  Terran Infantry Weapons Level 2  
  130  8:37  SCV x2  
  130  8:39  Terran Infantry Armor Level 2  
  132  8:47  Marine x3  
  122  8:57  Marine x2  
  122  8:58  SCV x2  
  122  9:01  Marine x4  
  122  9:02  Factory Reactor  
  130  9:04  SCV  
  130  9:05  Marine  
  132  9:10  SCV  
  132  9:14  SCV  
  134  9:18  Command Center  
  134  9:19  Supply Depot  
  134  9:22  Marine  
  134  9:23  Supply Depot, Marine x5  
  140  9:24  Marauder  
  140  9:25  Supply Depot  
  140  9:26  Refinery  
  140  9:28  Medivac x2  
  140  9:29  Marine x2  
  140  9:30  Terran Vehicle And Ship Armor Level 1  
  148  9:40  Marine x2  
  148  9:41  Marine x3  
  148  9:42  Widow Mine  
  148  9:43  Widow Mine  
  148  9:44  Thor  
  163  9:46  Marauder  
  163  9:48  Barracks x3  
  163  9:50  Supply Depot  
  163  9:51  Supply Depot  
  163  9:56  Marine x3  
  166  10:03  Marine x2  
  166  10:06  Widow Mine x2  
  172  10:07  Marauder  
  172  10:10  Marine x2  
  172  10:12  Marine  
  172  10:13  Marine  
  172  10:14  Marine  
  178  10:15  Marine  
  178  10:16  Supply Depot  
  178  10:18  Supply Depot  
  180  10:21  Marine  
  180  10:28  Marine x2  
  182  10:29  Marauder, Widow Mine x2  
  182  10:30  Thor  
  187  10:43  Marine x3  
  187  10:45  Barracks Tech Lab x2  
  187  10:46  Barracks Tech Lab  
  187  10:47  Liberator  
  193  10:57  Missile Turret  
  193  10:58  Missile Turret  
  193  10:59  Terran Infantry Weapons Level 3, Marine, Terran Infantry Armor Level 3  
  194  11:05  Planetary Fortress  
  187  11:35  Widow Mine x2  
  187  11:36  Widow Mine  
  187  11:37  Marine x2  
  187  11:38  Marauder  
  178  11:40  Marine x2  
  178  11:41  Marine x2  
  178  11:46  Marauder x2, Marine  
  187  11:52  Liberator x2  
  193  11:55  Concussive Shells, Marauder  
  193  11:57  Widow Mine x2  
  199  12:10  Command Center  
  199  12:12  Supply Depot  
  199  12:13  Supply Depot  
  180  12:25  Marauder x2, Marine x3  
  180  12:27  Supply Depot  
  187  12:32  Widow Mine x2  
  187  12:44  Missile Turret, Widow Mine  
  189  12:45  Marauder, Marine x2  
  189  12:46  Marauder  
  192  12:53  Widow Mine  
  192  12:54  Widow Mine  
  192  12:55  Missile Turret  
  196  12:59  Marauder x2  
  196  13:04  Barracks  
  196  13:05  Barracks  
  200  13:07  Barracks  
  200  13:11  Marine x3  
  200  13:12  Marauder  
  187  13:13  Marauder, Marine x5  
  187  13:16  Widow Mine x2  
  186  13:20  Marine x2  
  170  13:29  Marine x2  
  170  13:33  Marauder, Marine x2  
  163  13:35  Marauder, Marine x3  
  163  13:36  Marine  
  163  13:38  Marauder  
  163  13:39  Marauder  
  171  13:42  Widow Mine x2, Thor  
  171  13:47  Marine x2  
  183  13:51  Marine x2  
  183  13:54  Marauder, Command Center x2  
  181  13:56  Marauder  
  181  13:59  Marine  
  181  14:00  Marine x4  
  181  14:02  Barracks Reactor, Barracks Tech Lab x2  
  180  14:12  Widow Mine  
  180  14:13  Widow Mine, Marine x2  
  180  14:14  Marauder, Marine x2  
  180  14:16  Marauder  
  191  14:19  Marine x2  
  192  14:26  Marauder, Marine x3  
  196  14:31  Missile Turret  
  196  14:32  Missile Turret  
  196  14:33  Missile Turret  
  196  14:34  Marine x2  
  197  14:45  Marauder, Marine  
  200  14:57  Command Center  
  200  15:15  Orbital Command  
  200  15:38  Supply Depot  
  200  15:39  Supply Depot  
  197  15:51  Marauder  
  197  15:52  Marauder, Marine  
  177  15:59  Marauder x2  
  177  16:00  Medivac, Marauder, Marine x2  
  177  16:01  Medivac  
  177  16:03  Marauder, Marine x2  
  177  16:04  Marine x2  
  128  16:12  Marauder  
  128  16:14  Supply Depot x2  
  128  16:16  Supply Depot, Marauder, Marine x4  
  128  16:17  Marine x2  
  138  16:20  Marauder, Marine x2  
  138  16:21  Marine x2  
  138  16:22  Marine  
  145  16:28  Widow Mine x3  
  145  16:29  Marine x2  
  153  16:33  Marine x2  
  153  16:34  Command Center  
  153  16:37  Neosteel Armor  
  155  16:45  Marine x2  
  155  16:49  Widow Mine x2, Thor  
  155  16:53  Marine x2  
  166  16:56  Marine x2  
  163  17:07  Marine x3  
  166  17:11  Widow Mine x2  
  164  17:24  Marine x2  
  164  17:25  Marauder x2, Marine x2  
  171  17:32  Widow Mine x2  
  171  17:37  Missile Turret x2  
  174  17:38  Planetary Fortress  
  174  17:42  Missile Turret  
  174  17:43  Marine  
  174  17:44  Marine x2  
  176  17:48  Marine x3  
  176  17:49  Marine x4  
  176  17:50  Marine x2  
  186  17:56  Marine x4  
  190  18:02  Marine  
  178  18:07  Marine x2  
  178  18:08  Marauder  
  178  18:09  Marauder  
  178  18:10  Marine x4  
  178  18:11  Marine x2  
  188  18:29  Marine x2  
  188  18:30  Marine  
  188  18:31  Marine x2  
  193  18:40  Marine x2  
  193  18:41  Marauder x2, Marine  
  200  18:46  Marine  
  183  18:52  Marine  
  183  18:53  Marauder  
  183  18:55  Marauder  
  153  18:56  Marauder x2, Marine x2  
  153  18:57  Marine x2  
  153  18:58  Widow Mine  
  153  18:59  Widow Mine  
  153  19:01  Medivac  
  153  19:02  Marauder x2  
  143  19:10  Missile Turret  
  143  19:14  Marauder  
  143  19:16  Marauder  
  147  19:24  Marauder, Marine x4  
  147  19:31  Widow Mine x3  
  159  19:32  Medivac x2, Marine  
  159  19:33  Marauder, Marine  
  159  19:37  Marine x2  
  159  19:38  Command Center  
  169  19:44  Marine  
  170  19:51  Missile Turret  
  170  19:53  Marauder  
  170  19:54  Marauder  
  162  20:01  Marauder  
  162  20:05  Marine  
  162  20:06  Marauder, Marine  
  147  20:13  Marauder x2, Marine x4  
  132  20:15  Medivac x2  
  132  20:18  SCV  
  132  20:19  SCV x2  
  138  20:25  Marine x6  
  143  20:41  Marine x3  
  131  20:43  Marine  
  131  20:44  Marine x2  
  131  20:48  Marine x3  
  131  20:49  Marine  
  134  20:50  Marine  
  134  20:54  Marine x3  
  125  21:05  SCV x4, Missile Turret  
  125  21:08  Marine  
  125  21:10  SCV, Missile Turret  
  131  21:24  Marine x2  
  133  21:25  Marine x2  
  133  21:26  Marine  
  133  21:27  SCV  
  133  21:39  Marine  
  98  21:42  Marine x5  
  86  21:52  Marine x2  
  74  21:56  Marauder x2, Marine x5  
  83  22:07  Marine  
  77  22:13  Orbital Command  
  77  22:14  Marine  
  78  22:33  Missile Turret  
  78  22:36  Missile Turret  
  76  22:37  Medivac x2  
  78  22:44  Marine  
  78  22:45  Marine x2  
  76  22:53  Marine x4  
  79  23:09  Orbital Command  
  79  23:13  Marine x2  
  79  23:14  Medivac x2  
  79  23:15  Missile Turret x3  
  79  23:16  Widow Mine x3  
  91  23:24  Marine x2  
  86  23:34  Marine x3  
Tags
 
Add a new tag
Caveats
  • Supply blocks, unpowered buildings, or Contaminate may cause inaccurate times.
  • Supply counts are checked every 10 seconds.